rangerhack, neutral female human Ranger ------- ----- #......| |.%%| #|......####.%).| #|...>.| |.h.| #------- |.@.| # ----- # # # # ------# |....|# |.....# ....<| |....| ------ rangerhack the Trailblazer Experience level: 7 Strength: 14 Dexterity: 13 Constitution: 13 Intelligence: 13 Wisdom: 13 Charisma: 9 Health: 0(45) Energy: 34(34) AC: 2 Gold: 0 Moves: 2890 Your Inventory: Amulets I - an uncursed triangular amulet [versus poison] (being worn) Weapons a - an uncursed +1 dagger (weapon in hand) b - an uncursed +1 bow (alternate weapon; not wielded) c - 51 uncursed +2 arrows d - 25 uncursed +0 arrows (in quiver) y - an uncursed [+0] dagger Armor e - an uncursed burnt +2 cloak of displacement (being worn) o - an [uncursed] +0 leather armor (being worn) A - a blessed +0 hard hat [dwarvish iron helm] (being worn) E - an uncursed +0 pair of hard shoes [iron] (being worn) Comestibles f - 5 uncursed cram rations h - an uncursed carrot j - an uncursed fortune cookie Scrolls s - an uncursed scroll labeled PRIRUTSENIE [of teleportation] J - an uncursed scroll labeled KO BATE [of flood] K - an uncursed scroll labeled VERR YED HORRE [of charging] Potions i - an uncursed silver potion [of levitation] m - an uncursed amber potion [of fruit juice] Tools k - an uncursed key [skeleton key] t - 9 uncursed [wax] candles F - an uncursed [+0] pick-axe L - an uncursed key [skeleton key] Gems l - an uncursed yellow gem [worthless glass] r - an uncursed black gem [worthless glass] H - an uncursed yellowish brown gem [amber] Spells known in the end: Name Level Category Fail Memory Your skills at the end: Fighting Skills Weapon Skills dagger [Basic] bow [Basic] Spellcasting Skills Final Attributes: You were piously aligned. Hunger level was 91. Your alignment was 24 / 24. Monster difficulty range was 1 - 7. Level difficulty was 7. You were immune to poison. You were telepathic. You had automatic searching. You were displaced. You were stealthy. Your luck was zero. You are dead. Vanquished creatures: 2 leprechauns a Mordor orc a yellow light a violet fungus 2 gnome lords a wax golem 5 giant ants 2 little dogs a floating eye 3 dwarves a homunculus 2 hill orcs 2 rabid rats a centipede 2 giant bats a monkey a wererat 2 iguanas 2 hobbits 15 manes 3 hobgoblins a giant rat a yellow mold a gnome 2 geckos 3 jackals 2 goblins 3 sewer rats 5 grid bugs a lichen 6 newts 76 creatures vanquished. Voluntary challenges: You used a wielded weapon 128 times. You read items or engraved 2 times. You put on armor 16 times. You never genocided any monsters. You never polymorphed an object. You never changed form. You used no wishes. You wrote Elbereth's name 1 time. You never encountered a bones level. You never used any Sokoban shortcuts. Dungeon overview: The Dungeons of Doom: levels 1 to 7 Level 1 a long staircase Level 2 some fountains Level 3 a fountain Level 4 a fountain, a sink Level 5 an altar, a fountain Level 6 a fountain Level 7 <- You were here a throne History has recorded: On T:1 you entered the Dungeons of Doom to retrieve the Amulet of Yendor! On T:245 you reached level 2 of The Dungeons of Doom. On T:521 you reached level 3 of The Dungeons of Doom. On T:626 you advanced to experience level 2. On T:636 you advanced to experience level 3. On T:743 you advanced to experience level 4. On T:1166 you advanced to experience level 5. On T:1254 you reached level 4 of The Dungeons of Doom. On T:1636 you reached level 5 of The Dungeons of Doom. On T:1784 you advanced to experience level 6. On T:2142 you reached level 6 of The Dungeons of Doom. On T:2549 you reached level 7 of The Dungeons of Doom. On T:2677 you advanced to experience level 7. Latest messages: The bugbear strikes at your displaced image and misses you! [HP-4=18] You hit the Mordor orc. The bugbear picks up a crude dagger. You kill the Mordor orc! The bugbear wields a crude dagger! The bugbear picks up an iron skull cap. The bugbear puts on an iron skull cap. [HP+1=19] The bugbear strikes at your displaced image and misses you! You hit the bugbear. The bugbear thrusts her crude dagger. The bugbear hits! [HP-11=8] You hit the bugbear. (2x) The bugbear thrusts her crude dagger. The bugbear hits! [HP-5=3] [HP+1=4] You hit the bugbear. The bugbear thrusts her crude dagger. The bugbear hits! You die... Final status: Goodbye rangerhack the Ranger... You died in The Dungeons of Doom on dungeon level 7 with 3768 points, and 0 pieces of gold, after 2890 moves. You were level 7 with a maximum of 45 hit points when you died.